 Dungeon Crawl Stone Soup version 0.29.1-13-g9f3cf754e1 (webtiles) character file.

Game seed: 14565952016216950639

38 Khajeetofwinds the Chopper (level 3, -1/27 HPs)
             Began as a Demonspawn Gladiator on Jan 23, 2023.
             Was a Follower of Ru.
             Slain by an orc
             ... wielding a +2 mace of protection
              (6 damage)
             ... on level 3 of the Dungeon.
             The game lasted 00:09:49 (364 turns).

Khajeetofwinds the Chopper (Demonspawn Gladiator)    Turns: 364, Time: 00:09:50

Health: -1/27      AC:  5    Str: 16    XL:     3   Next: 25%
Magic:  3/3        EV: 12    Int:  9    God:    Ru [*.....]
Gold:   45         SH:  0    Dex: 14    Spells: 2/2 levels left

rFire   . . .      SeeInvis .   a - +0 war axe
rCold   . . .      Faith    .   (no shield)
rNeg    . . .      Spirit   .   b - +1 leather armour
rPois   .          Reflect  .   c - +0 helmet
rElec   .          Harm     .   (no cloak)
rCorr   .          Rampage  .   (no gloves)
Will    .....                   (no boots)
Stlth   +.........              (no amulet)
HPRegen 0.09/turn               (no ring)
MPRegen 0.08/turn               (no ring)

@: unable to drink
A: inability to drink after injury 2, weakness stinger 1
a: Renounce Religion


You were on level 3 of the Dungeon.
You worshipped Ru.
Ru was aware of your devotion.
You visited 1 branch of the dungeon, and saw 3 of its levels.

You collected 45 gold pieces.

Inventory:

Hand Weapons
 a - a +0 war axe (weapon)
 i - a +0 mace
Missiles
 d - 2 throwing nets (quivered)
 e - a javelin
Armour
 b - a +1 leather armour (worn)
 c - a +0 helmet (worn)
 h - a +0 barding
Scrolls
 j - a scroll of amnesia


   Skills:
 + Level 2.2 Fighting
 + Level 3.3 Axes
 + Level 1.8 Throwing
 + Level 0.1 Armour
 + Level 3.2 Dodging


You had 2 spell levels left.
You didn't know any spells.
Your spell library was empty.

Dungeon Overview and Level Annotations

Branches:
Dungeon (3/15)

Altars:
Gozag
Ru


Innate Abilities, Weirdness & Mutations

You sometimes lose the ability to drink potions when taking damage.
You have a small tail.


Message History

You hit the orc but do no damage. You hit the orc wizard. You hit the orc.
The orc completely misses you. The orc hits you with a +0 club.
The orc wizard closely misses you.
You barely miss the orc.
Your tail-slap misses the orc.
You closely miss the orc. You hit the orc wizard. The orc misses you.
The orc wizard misses you. The orc completely misses you.
The orc hits you with a +2 mace of protection.
You feel threatened and lose the ability to drink potions!
* * * LOW HITPOINT WARNING * * *
The orc wizard hits you but does no damage.
The orc closely misses you.
You hit the orc but do no damage. You slash the orc wizard! You hit the orc.
The orc barely misses you. The orc wizard barely misses you.
The orc barely misses you.
You hit the orc.
You kill the orc!
You closely miss the orc wizard. You hit the orc but do no damage.
You can drink potions again.
You redirect the orc's attack!
The orc hits the orc wizard with a +2 mace of protection!
The orc wizard dies!
You have reached level 3!
Your experience leads to an increase in your attributes!
Increase (S)trength, (I)ntelligence, or (D)exterity?
Uppercase letters only, please.
You feel stronger. x2
The orc shouts!
You hit the orc.
The orc is heavily wounded.
The orc closely misses you.
The orc hits you with a +2 mace of protection.
* * * LOW HITPOINT WARNING * * *
You closely miss the orc. You tail-slap the orc.
The orc is heavily wounded.
The orc barely misses you.
You closely miss the orc.
The orc is heavily wounded.
The orc hits you with a +2 mace of protection.
You feel threatened and lose the ability to drink potions!
You die...

#.#
..##.#.#
....#.#
....#.#
....>.
#..#.#
#..#.#
#)o#.#
..####)@#.#
..'...).#.#
..#####...#
♣'♣♣♣ ♣..
♣.## ♣....
+.._..
♣.....♣


You could see an orc.

Vanquished Creatures
  An adder (D:2)
  A worm (D:3)
  An orc (D:3)
  A goblin (D:3)
  2 hobgoblins
  A kobold (D:3)
  A rat (D:1)
  A spectral kobold (D:1)
9 creatures vanquished.

Vanquished Creatures (others)
  An orc wizard (D:3)
  3 plants (D:2)
4 creatures vanquished.

Grand Total: 13 creatures vanquished

Notes
Turn   | Place    | Note
-------+----------+-------------------------------------------
     0 | D:1      | Khajeetofwinds the Demonspawn Gladiator began the quest for
                  | the Orb.
     0 | D:1      | Reached XP level 1. HP: 16/16 MP: 1/1
    87 | D:1      | Found a faded altar of an unknown god.
   145 | D:1      | Prayed at the altar of an unknown god.
   145 | D:1      | Became a worshipper of Ru the Awakened
   153 | D:1      | Gained mutation: You occasionally lose the ability to drink
                  | potions when taking damage. [Ru sacrifice]
   153 | D:1      | Gained mutation: You sometimes lose the ability to drink
                  | potions when taking damage. [Ru sacrifice]
   153 | D:1      | Reached * piety under Ru
   213 | D:2      | Gained mutation: You have a small tail. [demonic ancestry]
   213 | D:2      | Reached XP level 2. HP: 22/22 MP: 2/2
   350 | D:3      | Found an opulent altar of Gozag.
   362 | D:3      | Reached XP level 3. HP: 6/27 MP: 3/3
   364 | D:3      | Slain by an orc

Illustrated notes

Levels and vault maps discovered:
D:1:      mushboom_english_gardens, layout_loops_ring,
          dreamdust_ecumenical_altar_drowned_temple, serial_shops, shop_statue
D:2:      layout_basic, nicolae_grassy_gnolls
D:3:      layout_basic, mainiacjoe_overflow_six_doors_small, minmay_surrounded

Skill      XL: |  1  2 |
---------------+-------+-----
Dodging        | 3 |  3.2
Axes           | 3 |  3.3
Fighting       | |  2.2
Throwing       | |  1.8
Armour         | |  0.1

Action                   || total
-------------------------++-------
Melee: War axe           ||    28
       Punch             ||     1
       Tailslap          ||     2
Throw: Throwing net      ||     3
Invok: Sacrifice Drink   ||     1
  Use: Scroll            ||     3
Armor: Leather armour    ||     6
Dodge: Dodged            ||    22
